 Dungeon Crawl Stone Soup version 0.26-a0-739-gf55cbd344a (webtiles) character file.

Game seed: 4270176773402791077

34 jiml777 the Gusty (level 3, -5/19 HPs)
             Began as a Deep Elf Air Elementalist on Nov 5, 2020.
             Killed from afar by Sigmund (8 damage)
             ... with a puff of flame
             ... on level 2 of the Dungeon.
             The game lasted 00:10:46 (1503 turns).

jiml777 the Gusty (Deep Elf Air Elementalist)       Turns: 1503, Time: 00:10:47

Health: -5/19      AC:  3    Str:  5    XL:     3   Next: 14%
Magic:  1/9        EV: 13    Int: 20    God:
Gold:   45         SH:  0    Dex: 15    Spells: 7/8 levels left

rFire    . . .     SeeInvis .   e - +0 dagger
rCold    . . .     Faith    .   (no shield)
rNeg     . . .     Spirit   .   f - +0 robe
rPois    .         Reflect  .   h - +0 helmet
rElec    .         Harm     .   (no cloak)
rCorr    .         Rampage  .   (no gloves)
MR       .....                  (no boots)
Stlth    +.........             (no amulet)
HPRegen  0.06/turn              (no ring)
MPRegen  0.11/turn              (no ring)

@: confused
A: no striking features
a: no special abilities


You were on level 2 of the Dungeon.
You visited 1 branch of the dungeon, and saw 2 of its levels.

You collected 45 gold pieces.

Inventory:

Hand Weapons
 e - a +0 dagger (weapon)
Missiles
 i - 35 sling bullets
Armour
 a - a +0 robe
 f - a +0 robe (worn)
 h - a +0 helmet (worn)
Scrolls
 b - 3 scrolls of identify {unknown}
 c - a scroll of remove curse {unknown}
 g - a scroll of fear {unknown}
 j - a scroll of noise {unknown}
Potions
 d - 3 potions of haste


   Skills:
 + Level 2.9 Dodging
 + Level 2.9 Stealth
 + Level 3.3 Spellcasting
 + Level 1.3 Conjurations
 + Level 3.5 Air Magic


You had 7 spell levels left.
You knew the following spells:

 Your Spells              Type           Power        Failure   Level
a - Shock                 Conj/Air       ##..         4%          1

Your spell library contained the following spells:

 Spells                   Type           Power        Failure   Level
 Swiftness                Air            ###.....     4%          2
 Static Discharge         Conj/Air       ##......     16%         3
 Airstrike                Air            ###.......   30%         4
 Lightning Bolt           Conj/Air       ##........   80%         5


Dungeon Overview and Level Annotations

Branches:
Dungeon (2/15)

Altars:

Annotations:
D:2 Sigmund


Message History

You are confused.
Found 13 gold pieces.
The kobold shouts!
The kobold throws a stone.
The stone closely misses you.
You see here a stone.
You are more confused.
The kobold throws a stone.
The stone barely misses you.
You see here a stone.
You're too confused to move!
A frilled lizard comes into view.
The kobold barely misses you.
You bump into the rock wall.
The kobold hits you but does no damage. The kobold barely misses you.
Unknown command.
The frilled lizard hisses angrily.
You hit the kobold but do no damage.
You hear an angry hiss.
You hear some strange, mumbled words.
A puff of flame appears from out of thin air!
The puff of flame hits you!
You die...

#<.......# .
#........# ####...
#........##.......
................(...
..###........#..<.b..
.. #........#####...
# #......{.# .
###.####.#
#.####@####
#...lKK...#
#.##.####.r... #.
.##. # $. .. .


You could see 2 kobolds, a frilled lizard and a rat.

Vanquished Creatures
  A leopard gecko (D:1)
  2 ball pythons (D:1)
  5 bats
  3 giant cockroaches (D:1)
  7 goblins (D:1)
  2 hobgoblins (D:1)
  2 frilled lizards (D:1)
  6 kobolds (D:1)
  A rat (D:1)
29 creatures vanquished.

Notes
Turn   | Place    | Note
-------+----------+-------------------------------------------
     0 | D:1      | jiml777 the Deep Elf Air Elementalist began the quest for
                  | the Orb.
     0 | D:1      | Reached XP level 1. HP: 10/10 MP: 6/6
   307 | D:1      | Reached XP level 2. HP: 15/15 MP: 6/8
   880 | D:1      | Reached XP level 3. HP: 19/19 MP: 7/9
  1429 | D:2      | Noticed Sigmund
  1503 | D:2      | Killed from afar by Sigmund

Illustrated notes

Levels and vault maps discovered:
D:1:      minmay_arrival_five_plusses, layout_basic, feat_on_display
D:2:      layout_loops_cross, lemuel_blue_sif_altar, uniq_sigmund

Action                   || total
-------------------------++-------
Melee: Dagger            ||     2
 Cast: Shock             ||    68
  Use: Potion            ||     2
Armor: Robe              ||     6
Dodge: Dodged            ||    19

Table legend: (Time is in decaauts)
 A = Elapsed time spent in this place.
 B = Non-inter-level travel time spent in this place.
 C = Inter-level travel time spent in this place.
 D = Time resting spent in this place.
 E = Time spent auto-exploring this place.
 F = Levels seen in this place.
 G = Mean time per level.
                   A        B        C        D        E       F      G
               +--------+--------+--------+--------+--------+-----+--------+
         Total |   1483 |   1476 |      7 |    525 |    597 |   2 |  741.5 |
       Dungeon |   1483 |   1476 |      7 |    525 |    597 |   2 |  741.5 |
               +--------+--------+--------+--------+--------+-----+--------+

Top non-repeatable levels by time:
     D:1: 1428 daAuts
     D:2: 54 daAuts
